 Dungeon Crawl Stone Soup version 0.15.2 (webtiles) character file.

167 theanonym the Cutter (level 5, 0/35 HPs)
             Began as a High Elf Healer on Dec 6, 2018.
             Was a Follower of Elyvilon.
             Slain by an orc (4 damage)
             ... on Level 3 of the Dungeon.
             The game lasted 00:09:56 (4584 turns).

theanonym the Cutter (High Elf Healer)              Turns: 4584, Time: 00:09:56

HP   0/35        AC  6     Str 11      XL: 5   Next: 23%
MP  11/11        EV  7     Int 16      God: Elyvilon [*.....]
Gold 146         SH  8     Dex 15      Spells:  0 memorised,  4 levels left

rFire  . . .     SeeInvis .     a - +1 short sword
rCold  . . .     Clarity  .     l - +0 ring mail
rNeg   . . .     rCorr    .     k - +0 shield
rPois  .         rRot     .     (no helmet)
rElec  .         Spirit   .     f - +0 cloak
SustAb .         Warding  .     (no gloves)
rMut   .         Stasis   .     (no boots)
Gourm  .                        (no amulet)
MR     .....                    (no ring)
                                (no ring)

@: not resistant to hostile enchantments, very unstealthy
A: no striking features
a: Lesser Healing, Lesser Self-Healing, Divine Protection, Renounce Religion


   Skills:
 - Level 2.4 Fighting
 * Level 3.9 Short Blades
 - Level 2.1 Dodging
 + Level 2.4 Shields
 - Level 3.0 Invocations


You had 4 spell levels left.
You didn't know any spells.

Action                   |  1- 3 |  4- 6 || total
-------------------------+-------+-------++-------
Melee: Unarmed           |    22 |       ||    22
       Dagger            |    75 |    49 ||   124
       Club              |     3 |       ||     3
       Whip              |     2 |       ||     2
       Short sword       |   170 |   182 ||   352
Invok: Lesser Self-Heali |     1 |     6 ||     7
       Purification      |       |     1 ||     1
  Use: Scroll            |       |    10 ||    10
  Eat: Chunk             |     6 |     4 ||    10
       Bread ration      |       |     1 ||     1

Inventory:

Hand weapons
 a - a +1 short sword (weapon)
   (You took it off a kobold on level 1 of the Dungeon)
 b - a +0 short sword of holy wrath
   (You took it off a kobold on level 3 of the Dungeon)
Armour
 f - a +0 cloak (worn)
   (You found it on level 3 of the Dungeon)
 h - a +0 leather armour
   (You found it on level 1 of the Dungeon)
 k - a +0 shield (worn)
   (You found it on level 1 of the Dungeon)
 l - a +0 ring mail (worn)
   (You took it off an orc on level 3 of the Dungeon)
Comestibles
 d - 4 bread rations
Jewellery
 q - an uncursed ring of flight
   (You found it on level 1 of the Dungeon)
Potions
 c - a potion of heal wounds
 e - a potion of curing
 j - 2 potions of haste
 o - 2 potions of restore abilities
 r - a potion of magic {unknown}
 u - a potion of agility {unknown}


You were on level 3 of the Dungeon.
You worshipped Elyvilon.
Elyvilon was aware of your devotion.
You were not hungry.

You visited 1 branch of the dungeon, and saw 4 of its levels.

You collected 146 gold pieces.

Dungeon Overview and Level Annotations

Branches:
Dungeon (4/15)
 Temple: D:4-7

Altars:
Fedhas

Annotations:
D:4 Natasha

#.......## #.#
#.#####.#.#
##........#####.###.#
#.#.#
.................##.#
###.#.#
###.......#####).##.#
#...#.# ##.....##
#..##.###.###.# ##...##
#.............# ##...##
##.##.###.#####
###..#..######o..#.# #.#
#...###....<...@#..# #.#
#.#..#..######.#.#.###.#
#.##...................#
##.################.#####
............##### #.#
)#..............###.#
#.#.#######.........#
##.## #####.##### ### #.#


You could see an orc.

Notes
Turn   | Place    | Note
--------------------------------------------------------------
     0 | D:1      | theanonym, the High Elf Healer, began the quest for the Orb.
     0 | D:1      | Reached XP level 1. HP: 13/13 MP: 3/3
   104 | D:1      | HP: 4/13 [hobgoblin/club (3)]
   112 | D:1      | HP: 5/13 [hobgoblin/club (4)]
   473 | D:1      | Reached skill level 2 in Fighting
   481 | D:1      | Reached XP level 2. HP: 12/20 MP: 4/4
   535 | D:1      | HP: 8/20 [goblin (3)]
   887 | D:1      | HP: 10/20 [kobold (2)]
  1157 | D:1      | Reached skill level 1 in Short Blades
  1294 | D:1      | theanonym: судя по силе это класс для магов
  1294 | D:1      | theanonym: хз что качать
  1294 | D:1      | DEFE: ну
  1294 | D:1      | DEFE: если веха брать
  1294 | D:1      | DEFE: то инт
  1294 | D:1      | DEFE: я бы так сделал
  1294 | D:1      | Reached XP level 3. HP: 16/25 MP: 7/7
  1343 | D:1      | HP: 12/25 [jackal (1)]
  1350 | D:1      | HP: 11/25 [jackal (1)]
  1607 | D:1      | theanonym: тогда щит не прокачаешь
  1737 | D:1      | DEFE: так
  1809 | D:1      | DEFE: нинужен
  1810 | D:1      | Reached skill level 1 in Shields
  1814 | D:1      | DEFE: же
  1916 | D:1      | DEFE: просто берешь веха
  1942 | D:1      | HP: 12/25 [jackal (2)]
  1948 | D:1      | DEFE: и выигрываешь
  2229 | D:2      | Reached skill level 2 in Short Blades
  2498 | D:2      | HP: 9/25 [hobgoblin/club (4)]
  2841 | D:2      | Reached XP level 4. HP: 27/30 MP: 9/9
  2898 | D:2      | DEFE: лол
  2941 | D:2      | DEFE: мог бы даггер заэнчантить
  2953 | D:2      | Found a blossoming altar of Fedhas.
  2970 | D:2      | DEFE: проклятье бы упало
  3051 | D:2      | theanonym: да ладно
  3064 | D:2      | DEFE: да
  3084 | D:2      | DEFE: в страых версиях
  3099 | D:2      | DEFE: так было
  3665 | D:3      | Reached skill level 2 in Shields
  3959 | D:3      | Reached skill level 3 in Short Blades
  3976 | D:3      | Noticed an ogre
  4095 | D:4      | HP: 15/30 [worker ant (3)]
  4097 | D:4      | theanonym: насекомые не усмиряются что ли?
  4097 | D:4      | DEFE: не знаю
  4100 | D:4      | HP: 13/30 [worker ant (4)]
  4101 | D:4      | HP: 6/30 [worker ant (2)]
  4104 | D:4      | DEFE: наверное нет
  4104 | D:4      | DEFE: слишком тупые
  4106 | D:4      | HP: 9/30 [poisoned by a worker ant]
  4111 | D:3      | HP: 7/30 [poisoned by a worker ant]
  4118 | D:3      | HP: 6/30 [poisoned by a worker ant]
  4126 | D:3      | HP: 5/30 [poisoned by a worker ant]
  4151 | D:2      | HP: 5/30 [orc/hand axe (2)]
  4162 | D:2      | HP: 4/30 [orc/hand axe (3)]
  4489 | D:4      | Reached XP level 5. HP: 31/35 MP: 11/11
  4545 | D:4      | HP: 17/35 [orc/trident (4)]
  4550 | D:4      | HP: 12/35 [orc/mace (4)]
  4553 | D:4      | HP: 5/35 [orc (1)]
  4559 | D:4      | HP: 5/35 [orc (3)]
  4567 | D:4      | Noticed Natasha
  4581 | D:4      | HP: 6/35 [orc (2)]
  4584 | D:3      | Slain by an orc

Vanquished Creatures
  A jelly (D:4)
  2 adders
  A giant mite (D:1)
  An adder skeleton (D:4)
  2 giant geckos
  11 orcs
  3 ball pythons
  8 goblins
  12 hobgoblins
  7 jackals (D:1)
  9 kobolds
  9 bats
  8 giant cockroaches
  7 giant newts
  2 quokkas
  12 rats
95 creatures vanquished.

Table legend:
 A = Turns spent in this place as a percentage of turns spent in the entire game.
 B = Non-inter-level travel turns spent in this place as a percentage of non-inter-level travel turns spent in the entire game.
 C = Inter-level travel turns spent in this place as a percentage of turns spent in this place.
 D = Turns resting spent in this place as a percentage of non-inter-level travel turns spent in this place.
 E = Turns spent auto-exploring this place as a percentage of non-inter-level travel turns spent in this place.
 F = Non-inter-level travel turns spent in this place divided by the number of levels of this place that you've seen.
                   A       B       C       D       E      F
               +-------+-------+-------+-------+-------+----------------------
         Total | 100.0 | 100.0 |   0.4 |   4.5 |   9.2 | 360.0
       Dungeon | 100.0 | 100.0 |   0.4 |   4.5 |   9.2 | 360.0
               +-------+-------+-------+-------+-------+----------------------
